 Seeded DCSS version 0.30.1-4-g462c640d31 (webtiles) character file.

Game seed: 920673320228942481 (custom seed)

3 Psyclone the Stinger (level 1, 11/11 HPs)
             Began as an Octopode Venom Mage on Sept 19, 2023.
             Quit the game on level 1 of the Dungeon.
             The game lasted 00:01:46 (354 turns).

Psyclone the Stinger (Octopode Venom Mage)           Turns: 354, Time: 00:01:47

Health: 11/11      AC:  1    Str:  7    XL:     1   Next: 50%
Magic:  3/3        EV: 13    Int: 17    God:
Gold:   1953       SH:  0    Dex: 12    Spells: 3/4 levels left

rFire   . . .        g - +7 captain's cutlass {speed, disarm}
rCold   . . .        (no shield)
rNeg    . . .        (helmet restricted)
rPois   .            (no amulet)
rElec   .            e - ring of wizardry
rCorr   .            (no ring)
SInv    .            (no ring)
Will    .....        (no ring)
Stlth   +++          (no ring)
HPRegen 0.21/turn    (no ring)
MPRegen 0.08/turn    (no ring)
                     (no ring)

%: wizardry (x1)
@: no status effects
A: almost no armour, amphibious, 8 rings, camouflage 1, gelatinous body 1,
(nimble swimmer 1), tentacles
a: no special abilities


You were on level 1 of the Dungeon.
You visited 1 branch of the dungeon, and saw 1 of its levels.

You collected 1953 gold pieces.

Inventory:

Hand Weapons
 g - the +7 captain's cutlass (weapon) {speed, disarm}
   (You acquired it on level 1 of the Dungeon)
Jewellery
 e - a ring of wizardry (left tentacle)
Potions
 a - a potion of magic
 b - a potion of cancellation {unknown}
 c - a potion of mutation {unknown}
 d - a potion of resistance {unknown}


   Skills:
 - Level 2.0 Dodging
 - Level 2.6 Stealth
 - Level 2.0 Spellcasting
 - Level 1.0 Transmutations
 + Level 3.9 Poison Magic


You had 3 spell levels left.
You knew the following spells:

 Your Spells              Type           Power      Damage    Failure   Level
a - Sting                 Tmut/Pois      40%        1d5       2%          1

Your spell library contained the following spells:

 Spells                   Type           Power      Damage    Failure   Level
 Poisonous Vapours        Pois/Air       16%        N/A       5%          2
 Mephitic Cloud           Conj/Pois/Air  6%         N/A       14%         3
 Olgreb's Toxic Radiance  Pois           15%        N/A       16%         4


Dungeon Overview and Level Annotations

Branches:
Dungeon (1/15) Zot: 5647

Altars:


Innate Abilities, Weirdness & Mutations

You cannot wear most types of armour.
You are amphibious.
You can wear up to eight rings at the same time.
Your skin changes colour to match your surroundings (Stealth+).
Your rubbery body absorbs attacks. (AC +1, EV +1)
((You are camouflaged when in or above water. (Stealth+)))
You have tentacles for arms and can constrict up to eight enemies at once.


Message History

e - a ring of wizardry (left tentacle)
You aren't carrying any scrolls.
You open the door.
There is an open door here.
There is an open door here.
There is an open door here.
A ball python comes into view.
The ball python hisses angrily.
Casting: Sting (safe; 2% risk of failure)
Confirm with . or Enter, or press ? or * to list all spells.
Aiming: Sting (safe; 2% risk of failure)
Press: ? - help, Shift-Dir - straight line, f - ball python
Aim: a ball python (68% to hit)
The sting hits the ball python.
The ball python is poisoned.
The ball python is severely wounded.
You now have 2/3 mp.
Casting: Sting (safe; 2% risk of failure)
Confirm with . or Enter, or press ? or * to list all spells.
Aiming: Sting (safe; 2% risk of failure)
Press: ? - help, Shift-Dir - straight line, f/p - ball python
Aim: a ball python (moderately wounded, poisoned, 68% to hit)
The sting hits the ball python.
The ball python looks even sicker.
You kill the ball python!
You now have 1/3 mp.
You see here a ball python corpse.
You open the door.
There is an open door here.
Found a stone staircase leading down.
MP restored: 3 You now have 25 gold pieces (gained 13).
Found a hand axe.
f - 3 scrolls labelled NOEDYA EDEF This is a scroll of acquirement!
Something appears before you!
g - the +7 captain's cutlass {speed, disarm} Your tentacles tingle!
g - the +7 captain's cutlass (weapon)
{speed, disarm} Something appears before you!
Something appears before you!
You now have 1953 gold pieces (gained 1928).
Are you sure you want to abandon this character and quit the game? (Confirm with "yes".)

.. #+#... ####### ......
#..... ....#. #....
....####... #.... ...
#...###.# #+# #...#.#
#.##+#.#.#@#####.
#######.#....#.........)
......#.#.....#.######.#
...##.#.#...#....#
....#.#.##'#####..#
......#.##.######..#
....###.##........>#
###.###...†.........
#.#.....###########


There were no monsters in sight!

Vanquished Creatures
  A dart slug (D:1)
  A ball python (D:1)
2 creatures vanquished.

Notes
Turn   | Place    | Note
-------+----------+-------------------------------------------
     0 | D:1      | Psyclone the Octopode Venom Mage began the quest for the
                  | Orb.
     0 | D:1      | Reached XP level 1. HP: 11/11 MP: 3/3
   346 | D:1      | Identified 3 scrolls of acquirement
   346 | D:1      | Acquired the +7 captain's cutlass {speed, disarm}
   346 | D:1      | Found the +7 captain's cutlass {speed, disarm}
   349 | D:1      | Acquired 724 gold pieces
   350 | D:1      | Acquired 1204 gold pieces
   354 | D:1      | Quit the game

Illustrated notes

Levels and vault maps discovered:
D:1:      dpeg_arrival_orchard, layout_basic

Action                     || total
---------------------------++-------
   Cast: Sting             ||     4
    Use: Scroll            ||     3
